 Dungeon Crawl Stone Soup version 0.31-a0-259-g771a54ca4b (webtiles) character file.

Game seed: 15547182721331351849

114 qw the Shooter (level 4, 0/26 HPs)
             Began as a Gargoyle Hexslinger on July 13, 2023.
             Killed by nerve-wracking pain
             ... invoked by Grinder
              (6 damage)
             ... on level 3 of the Dungeon.
             The game lasted 00:00:49 (1933 turns).

qw the Shooter (Gargoyle Hexslinger)                Turns: 1933, Time: 00:00:50

Health: 0/26       AC:  7    Str: 12    XL:     4   Next: 98%
Magic:  5/5        EV: 11    Int: 13    God:
Gold:   23         SH:  0    Dex: 14    Spells: 4/5 levels left

rFire   . . .        Y - +1 sling
rCold   + . .        (no shield)
rNeg    + . .        d - +0 leather armour
rPois   inf          (no helmet)
rElec   +            (no cloak)
rCorr   .            (no gloves)
SInv    .            c - +0 pair of boots
Will    .....        (no amulet)
Stlth   +            f - ring of protection from cold
HPRegen 0.24/turn    (no ring)
MPRegen 0.09/turn

%: no passive effects
@: no status effects
A: sickness immunity, AC +3, negative energy resistance 1, electricity
resistance, torment resistance 1, petrification resistance
a: no special abilities


You were on level 3 of the Dungeon.
You visited 1 branch of the dungeon, and saw 3 of its levels.

You collected 95 gold pieces.
You spent 72 gold pieces at shops.


Innate Abilities, Weirdness & Mutations

You are immune to sickness and miasma.
Your stone body is resilient. (AC +3)
You are immune to poison.
You resist negative energy. (rN+)
You are resistant to electric shocks. (rElec)
You are resistant to unholy torment.
You are immune to petrification.


   Skills:
 - Level 2.0 Fighting
 + Level 4.7 Ranged Weapons
 - Level 1.5 Dodging
 - Level 1.0 Spellcasting
 - Level 2.6 Hexes


You had 4 spell levels left.
You knew the following spells:

 Your Spells              Type           Power      Damage    Failure   Level
a - Slow                  Hex            28%        N/A       12%         1

Your spell library contained the following spells:

 Spells                   Type           Power      Damage    Failure   Level
 Inner Flame              Hex/Fire       4%         N/A       52%         3
 Portal Projectile        Hex/Tloc       8%         N/A       52%         3
 Cause Fear               Hex            3%         N/A       75%         4

Inventory:

Hand Weapons
 Y - a +1 sling (weapon)
Armour
 c - a +0 pair of boots (worn)
 d - a +0 leather armour (worn)
 h - a +1 pair of boots
Jewellery
 f - a ring of protection from cold (left hand)
Scrolls
 j - 6 scrolls of identify
 k - a scroll of teleportation {unknown}
 m - a scroll of immolation {unknown}
Potions
 a - a potion of heal wounds {unknown}
 b - a potion of invisibility {unknown}
 e - a potion of mutation {unknown}
 g - a potion of enlightenment {unknown}
 i - a potion of curing {unknown}
 l - a potion of cancellation {unknown}
 n - a potion of lignification {unknown}

Dungeon Overview and Level Annotations

Branches:
Dungeon (3/15)

Altars:

Shops:
D:3 ?:

Annotations:
D:3 Grinder


Message History

Grinder is lightly wounded.
Grinder hits you.
You writhe in agony.
You shoot a sling bullet. The sling bullet barely misses Grinder.
Grinder hits you!
You writhe in agony.
You shoot a sling bullet. The sling bullet hits Grinder.
Grinder is moderately wounded.
Grinder hits you but does no damage.
You shoot a sling bullet. The sling bullet hits Grinder.
Grinder is moderately wounded.
Grinder misses you. Grinder gestures at you.
You resist with significant effort.
You shoot a sling bullet. The sling bullet barely misses Grinder.
Grinder closely misses you.
You shoot a sling bullet. The sling bullet hits Grinder.
Grinder is moderately wounded.
Grinder blinks!
You shoot a sling bullet. The sling bullet hits Grinder!
Grinder is heavily wounded.
Grinder closely misses you.
You shoot a sling bullet. The sling bullet hits Grinder.
Grinder is severely wounded.
Grinder gestures at you. Pain shoots through your body! Grinder hits you.
You shoot a sling bullet.
The sling bullet closely misses Grinder.
Grinder closely misses you.
You shoot a sling bullet. The sling bullet hits Grinder.
Grinder is severely wounded.
Grinder hits you but does no damage.
You shoot a sling bullet.
The sling bullet closely misses Grinder.
Grinder hits you but does no damage.
You shoot a sling bullet.
The sling bullet closely misses Grinder.
Grinder barely misses you.
Grinder says, "You look like you could use a good racking."
Grinder gestures at you. Pain shoots through your body!
You die...

#.#.# #.....####.#
#.#.# #....##..#.#
#.#.# #...###..#.#
#.#.# #.>.###..#.##
#.#.#####.<..........
#.#.........#######.#
#....#####...........
####5# #.#######.##
#@# #.# #.# ........#
#.# #.# ######### #/#
#.# #.# #.#
#.#######.#
#.........#
#.######### #:# ###


You could see Grinder.

Vanquished Creatures
  Jessica (D:3)
  3 adders
  A worm (D:3)
  5 dart slugs
  An orc (D:3)
  3 ball pythons
  3 bats
  4 endoplasms (D:1)
  A giant cockroach (D:3)
  3 goblins
  4 hobgoblins
  6 jackals
  3 quokkas
  A frilled lizard (D:2)
  3 kobolds
  4 rats
46 creatures vanquished.

Notes
Turn   | Place    | Note
-------+----------+-------------------------------------------
     0 | D:1      | qw the Gargoyle Hexslinger began the quest for the Orb.
     0 | D:1      | Reached XP level 1. HP: 12/12 MP: 2/2
     0 | D:1      | 0 ||| qw: Version: 0.3-a-52-g30416fa
     0 | D:1      | 0 ||| qw: Game counter: 6900
     0 | D:1      | 0 ||| qw: Melee chars always use a shield: true
     0 | D:1      | 0 ||| qw: God list: Okawaru
     0 | D:1      | 0 ||| qw: Allow faded altars: false
     0 | D:1      | 0 ||| qw: Do Orc after clearing Dungeon:15 true
     0 | D:1      | 0 ||| qw: Do second Lair branch before Depths: true
     0 | D:1      | 0 ||| qw: Lair rune preference: random
     0 | D:1      | 0 ||| qw: Goals: Normal
     0 | D:1      | 0 ||| PLANNING D:1-11
    72 | D:1      | Reached XP level 2. HP: 16/16 MP: 3/3
   125 | D:1      | Reached skill level 3 in Ranged Weapons
   158 | D:1      | HP: 3/16 [jackal (3)]
   159 | D:1      | HP: 1/16 [jackal (2)]
   298 | D:1      | Reached XP level 3. HP: 18/21 MP: 4/4
   500 | D:1      | Found a faded altar of an unknown god.
   770 | D:1      | 770 ||| UPGRADING to +0 leather armour.
   780 | D:1      | 780 ||| DROPPING +0 robe.
   781 | D:1      | 781 ||| UPGRADING to ring of protection from cold.
   782 | D:1      | 782 ||| READING scroll labelled GOGEUPPYIDE.
   783 | D:1      | 783 ||| READING scroll labelled VOISYT UBLUG.
   784 | D:1      | 784 ||| DROPPING scroll of poison.
  1021 | D:2      | 1021 ||| FLEEEEING.
  1105 | D:2      | Reached XP level 4. HP: 25/26 MP: 5/5
  1156 | D:2      | 1156 ||| UPGRADING to +0 pair of boots.
  1161 | D:2      | 1161 ||| READING scroll labelled ODYILL GICAON.
  1162 | D:2      | 1162 ||| READING scroll labelled KULAUP ACO.
  1163 | D:2      | 1163 ||| READING scroll labelled DEOW GULEE.
  1164 | D:2      | 1164 ||| READING scroll labelled NIZOERPH SOMNEB.
  1187 | D:3      | Found Angeij's Book Shop.
  1217 | D:3      | Reached skill level 4 in Ranged Weapons
  1379 | D:3      | Noticed Jessica
  1386 | D:3      | Killed Jessica
  1533 | D:3      | Found Leddiang's Magic Scroll Boutique.
  1538 | D:3      | 1538 ||| BUYING scroll of identify (24 gold).
  1538 | D:3      | Bought a scroll of identify for 24 gold pieces
  1538 | D:3      | 1538 ||| BUYING scroll of identify (24 gold).
  1538 | D:3      | Bought a scroll of identify for 24 gold pieces
  1538 | D:3      | 1538 ||| BUYING scroll of identify (24 gold).
  1538 | D:3      | Bought a scroll of identify for 24 gold pieces
  1538 | D:3      | 1538 ||| SHOPLISTING scroll of teleportation (36 gold, have
                  | 1).
  1917 | D:3      | Noticed Grinder
  1929 | D:3      | HP: 4/26 [Grinder (3)]
  1933 | D:3      | Killed from afar by Grinder

Levels and vault maps discovered:
D:1:      mushboom_english_gardens, layout_basic,
          dilly_ecumenical_altar_fadedgnrine, nicolae_houndstooth_variations
D:2:      layout_basic, ebering_dispersal_statue_hall
D:3:      layout_basic, serial_shops, nicolae_shop_just_a_little_nook, shop,
          uniq_jessica, uniq_grinder, uniq_ijyb

Skill      XL: |  1  2  3  4 |
---------------+-------------+-----
Ranged Weapons | 3 4 |  4.7
Fighting       | 2 |  2.0
Dodging        | |  1.5
Spellcasting   | |  1.0
Hexes          | |  2.6

Action                     |  1- 3 |  4- 6 || total
---------------------------+-------+-------++-------
   Fire: Sling             |   124 |    80 ||   204
    Use: Scroll            |     2 |     4 ||     6
 Armour: Robe              |    21 |       ||    21
         Leather armour    |     7 |    22 ||    29
  Dodge: Dodged            |    62 |    52 ||   114

Table legend:
 A = Non-vault XP
 B = Vault XP
 C = Vault XP percentage of total XP
 D = Non-vault monster count
 E = Vault monster count
 F = Vault count percentage of total count
                 A         B        C        D         E       F
            +---------+---------+-------+---------+---------+-------
      Total |     127 |      37 |  22.6 |      45 |       1 |   2.2
            +---------+---------+-------+---------+---------+-------
        D:1 |      51 |       0 |   0.0 |      25 |       0 |   0.0
        D:2 |      31 |       0 |   0.0 |      11 |       0 |   0.0
        D:3 |      45 |      37 |  45.1 |       9 |       1 |  10.0
            +---------+---------+-------+---------+---------+-------
